 Dungeon Crawl Stone Soup version 0.31.0-11-ge490571c62 (webtiles) character file.

Game seed: 4057076851130408480

306 qw the Ducker (level 6, -3/30 HPs)
             Began as a Spriggan Hunter on Feb 3, 2024.
             Incinerated by a bombardier beetle (7 damage)
             ... with a burning spray
             ... on level 4 of the Dungeon.
             The game lasted 00:00:08 (2329 turns).

qw the Ducker (Spriggan Hunter)                     Turns: 2329, Time: 00:00:09

Health: -3/30      AC:  3    Str:  7    XL:     6   Next: 16%
Magic:  7/7        EV: 23    Int: 10    God:
Gold:   231        SH:  0    Dex: 21    Spells: 5/5 levels left

rFire   . . .        b - +1 orcbow of Tilupeona {heavy, rCorr}
rCold   . . .        (shield currently unavailable)
rNeg    . . .        c - +0 robe
rPois   .            (helmet restricted)
rElec   .            e - +0 cloak
rCorr   +            (gloves unavailable)
SInv    +            (boots unavailable)
Will    ++...        (no amulet)
Stlth   +            (no ring)
HPRegen 0.25/turn    (no ring)
MPRegen 0.10/turn

%: no passive effects
@: on fire, about to teleport, enlightened, glowing, very quick
A: very small, no large weapons, unfitting armour, see invisible, speed 3
a: no special abilities


You were on level 4 of the Dungeon.
You visited 1 branch of the dungeon, and saw 4 of its levels.

You collected 231 gold pieces.


Innate Abilities, Weirdness & Mutations

You are very small and have problems with some larger weapons.
You are too small for most types of armour.
You have supernaturally acute eyesight. (SInv)
You cover ground extremely quickly. (Speed+++)


   Skills:
 - Level 2.0 Fighting
 + Level 5.1 Ranged Weapons
 - Level 7.2 Dodging
 - Level 1.5 Stealth


You had 5 spell levels left.
You didn't know any spells.
Your spell library was empty.

Inventory:

Hand Weapons
 b - the +1 orcbow of Tilupeona (weapon) {heavy, rCorr}
   (You acquired it on level 2 of the Dungeon)

   rCorr:     It protects you from acid and corrosion.
Armour
 c - a +0 robe (worn)
 e - a +0 cloak (worn)
Wands
 k - a wand of digging (5)
Potions
 a - a potion of mutation
 d - a potion of heal wounds {unknown}
 f - a potion of might
 g - a potion of curing
 h - a potion of attraction {unknown}
 i - a potion of enlightenment
 j - a potion of haste {unknown}

Dungeon Overview and Level Annotations

Branches:
Dungeon (4/15)
 Temple: D:4-7

Altars:


Message History

There is a stone staircase leading up here.
Waypoint 3 assigned to D:4.
An adder comes into view.
You shoot an arrow. The arrow hits the adder!
You kill the adder!
You now have 221 gold pieces (gained 14).
You now have 231 gold pieces (gained 10).
A bombardier beetle comes into view.
You shoot an arrow.
The arrow completely misses the bombardier beetle.
You shoot an arrow. The arrow hits the bombardier beetle!
The bombardier beetle is heavily wounded.
You shoot an arrow.
The arrow barely misses the bombardier beetle.
You shoot an arrow.
The arrow barely misses the bombardier beetle.
You are starting to lose your buoyancy.
The bombardier beetle sprays incendiary fluid at you.
The burning spray hits you.
You are covered in liquid fire!
You shoot an arrow. The arrow hits the bombardier beetle.
The bombardier beetle is heavily wounded.
The liquid fire burns you!
You shoot an arrow.
The arrow barely misses the bombardier beetle.
The liquid fire burns you!
You shoot an arrow. The arrow hits the bombardier beetle.
The bombardier beetle is severely wounded.
The liquid fire burns you!
The bombardier beetle sprays incendiary fluid at you.
The burning spray misses you.
2328 ||| READING scroll of teleportation.
As you read the scroll of teleportation, it crumbles to dust.
You feel strangely unstable. The liquid fire burns you!
You float gracefully downwards.
You shoot an arrow. The arrow hits the bombardier beetle!
You kill the bombardier beetle!
The liquid fire burns you!
You die...

###+#..# ##.. #......#
...#+ #......# . ....
####......# ..P ....
..# #....# ....
....##.# #...# ....P7.
....###|.<#
.......####..##..##
.......@.........#
.$...#####.#..##.......
... #.##.######... .
#.##... # #....#.#
###.....# #... ?# #....
. ... .#


There were no monsters in sight!

Vanquished Creatures
  Sigmund (D:3)
  A bombardier beetle (D:4)
  Terence (D:3)
  A gnoll (D:1)
  4 adders
  A ribbon worm (D:3)
  A dart slug (D:3)
  3 orcs
  4 endoplasms
  4 giant cockroaches
  6 hobgoblins
  2 jackals (D:3)
  5 kobolds
  A quokka (D:3)
  6 ball pythons
  6 bats
  6 frilled lizards
  2 goblins
  6 rats
61 creatures vanquished.

Notes
Turn   | Place    | Note
-------+----------+-------------------------------------------
     0 | D:1      | qw the Spriggan Hunter began the quest for the Orb.
     0 | D:1      | Reached XP level 1. HP: 10/10 MP: 2/2
     0 | D:1      | 0 ||| qw: Version: 0.3-a-157-g843a77d
     0 | D:1      | 0 ||| qw: Game counter: 3932
     0 | D:1      | 0 ||| qw: Melee chars always use a shield: true
     0 | D:1      | 0 ||| qw: God list: Okawaru
     0 | D:1      | 0 ||| qw: Allow faded altars: false
     0 | D:1      | 0 ||| qw: Do Orc after clearing Dungeon:15 true
     0 | D:1      | 0 ||| qw: Do second Lair branch before Depths: true
     0 | D:1      | 0 ||| qw: Lair rune preference: random
     0 | D:1      | 0 ||| qw: Goals: Normal
     0 | D:1      | 0 ||| PLANNING D:1-11
    48 | D:1      | Reached skill level 3 in Dodging
    84 | D:1      | Reached XP level 2. HP: 14/14 MP: 3/3
   124 | D:1      | Reached skill level 4 in Dodging
   411 | D:1      | Reached XP level 3. HP: 18/18 MP: 4/4
   685 | D:1      | 685 ||| READING scroll labelled TYKLUCK MIAMO.
   685 | D:1      | 685 ||| IDENTIFYING metallic green potion
   686 | D:1      | 686 ||| READING 2 scrolls labelled GEKHLA PEKKE.
   787 | D:1      | 787 ||| DRINKING 2 ruby potions.
   788 | D:1      | 788 ||| DROPPING scroll of butterflies.
   789 | D:1      | 789 ||| DROPPING potion of invisibility.
   790 | D:1      | 790 ||| DROPPING scroll of vulnerability.
  1499 | D:2      | Reached XP level 4. HP: 22/22 MP: 5/5
  1654 | D:2      | 1654 ||| READING scroll of identify.
  1654 | D:2      | 1654 ||| IDENTIFYING murky blue potion
  1655 | D:2      | 1655 ||| READING scroll labelled WASEOLIFAC.
  1656 | D:2      | 1656 ||| READING scroll labelled UKUNEN JANYTRY.
  1657 | D:2      | 1657 ||| READING scroll labelled HOSSOG RIXTA.
  1657 | D:2      | Identified a scroll of acquirement
  1657 | D:2      | 1657 ||| ACQUIRING +1 orcbow of Tilupeona {heavy, rCorr}
  1657 | D:2      | Acquired the +1 orcbow of Tilupeona {heavy, rCorr}
  1659 | D:2      | 1659 ||| SWAPPING to +1 orcbow of Tilupeona {heavy, rCorr}.
  1660 | D:2      | 1660 ||| DROPPING +0 shortbow.
  1661 | D:2      | 1661 ||| READING 2 scrolls labelled EDALAD DIFEVOL.
  1666 | D:2      | 1666 ||| READING scroll labelled UNOALUO MIATZ.
  1667 | D:2      | 1667 ||| DROPPING potion of degeneration.
  1801 | D:3      | Noticed Sigmund
  1803 | D:3      | Killed Sigmund
  1804 | D:3      | Reached skill level 7 in Dodging
  1804 | D:3      | Reached XP level 5. HP: 25/25 MP: 6/6
  2019 | D:3      | Noticed Terence
  2024 | D:3      | Killed Terence
  2025 | D:3      | Reached XP level 6. HP: 30/30 MP: 7/7
  2285 | D:3      | 2285 ||| UPGRADING to +0 cloak.
  2290 | D:3      | 2290 ||| READING scroll of identify.
  2290 | D:3      | 2290 ||| IDENTIFYING fizzy clear potion
  2291 | D:3      | 2291 ||| DRINKING 2 coppery potions.
  2292 | D:3      | 2292 ||| DRINKING 2 fuming sapphire potions.
  2327 | D:4      | HP: 7/30 [burnt (8)]
  2328 | D:4      | 2328 ||| READING scroll of teleportation.
  2329 | D:4      | Incinerated by a bombardier beetle

Levels and vault maps discovered:
D:1:      minmay_arrival_loop, layout_basic, minmay_small_reverse_x
D:2:      layout_basic
D:3:      layout_basic, dk_vineyard_3, uniq_terence, uniq_sigmund
D:4:      layout_basic, nzn_overflow_gifts_of_might_and_magic,
          nicolae_overflow_quartered_altars, serial_undead, serial_undead_d,
          serial_undead_a, serial_undead_d, serial_undead_e, serial_park_tiny_2

Skill      XL: |  1  2  3  4  5 |
---------------+----------------+-----
Dodging        | 3 4 7 |  7.2
Ranged Weapons | 5 |  5.1
Fighting       | 2 |  2.0
Stealth        | |  1.5

Action                     |  1- 3 |  4- 6 || total
---------------------------+-------+-------++-------
   Fire: Shortbow          |    99 |     9 ||   108
         Orcbow            |       |    49 ||    49
    Use: Scroll            |     2 |     8 ||    10
         Potion            |     1 |     2 ||     3
 Armour: Robe              |     6 |     2 ||     8
  Dodge: Dodged            |    21 |    20 ||    41

Table legend:
 A = Non-vault XP
 B = Vault XP
 C = Vault XP percentage of total XP
 D = Non-vault monster count
 E = Vault monster count
 F = Vault count percentage of total count
                 A         B        C        D         E       F
            +---------+---------+-------+---------+---------+-------
      Total |     207 |     285 |  57.9 |      55 |       6 |   9.8
            +---------+---------+-------+---------+---------+-------
        D:1 |      49 |       6 |  10.9 |      25 |       4 |  13.8
        D:2 |      48 |       0 |   0.0 |      14 |       0 |   0.0
        D:3 |      42 |     279 |  86.9 |      14 |       2 |  12.5
        D:4 |      68 |       0 |   0.0 |       2 |       0 |   0.0
            +---------+---------+-------+---------+---------+-------
